 Dungeon Crawl Stone Soup version 0.21-a0-404-g291f19a (webtiles) character file.

60 Atlas the Insei (level 4, 0/28 HPs)
             Began as an Octopode Transmuter on Oct 30, 2017.
             Slain by a kobold (3 damage)
             ... on level 3 of the Dungeon.
             The game lasted 00:02:18 (1877 turns).

Atlas the Insei (Octopode Transmuter)               Turns: 1877, Time: 00:02:19

Health: 0/28       AC:  1    Str:  9    XL:     4   Next: 4%
Magic:  5/7        EV: 13    Int: 15    God:
Gold:   136        SH:  0    Dex: 13    Spells: 1/7 levels left

rFire    . . .     SeeInvis .     - Unarmed
rCold    . . .     Gourm    .   (no shield)
rNeg     . . .     Faith    .   (helmet restricted)
rPois    .         Spirit   .   (no amulet)
rElec    .         Reflect  .   (no ring)
rCorr    .         Harm     .   (no ring)
MR       .....                  (no ring)
Stlth    +++.......             (no ring)
HPRegen  0.09/turn              (no ring)
MPRegen  0.10/turn              (no ring)
                                (no ring)
                                (no ring)

@: lethally poisoned (0 -> -18), very slightly contaminated
A: almost no armour, stealthy swim, amphibious, 8 rings, constrict 8, camouflage
1, gelatinous body 1
a: no special abilities


You were on level 3 of the Dungeon.
You were not hungry.

You visited 1 branch of the dungeon, and saw 3 of its levels.

You collected 136 gold pieces.

Inventory:

Missiles
 a - 48 arrows
 k - 6 javelins (quivered)
Scrolls
 d - 3 scrolls of identify {unknown}
 e - a scroll of amnesia {unknown}
 h - a scroll of magic mapping {unknown}
 l - a scroll of enchant armour {unknown}
Potions
 f - 2 potions of degeneration {unknown}
 g - a potion of curing {unknown}
 m - a potion of mutation {unknown}
 n - a potion of heal wounds {unknown}
Books
 b - a book of Changes

   Spells                             Type                      Level
   a - Beastly Appendage              Transmutation                1
   b - Sticks to Snakes               Transmutation                2
   c - Spider Form                    Transmutation/Poison         3
   d - Ice Form                       Ice/Transmutation            4
   e - Blade Hands                    Transmutation                5
Comestibles
 c - 2 bread rations
 i - a fruit
 j - a meat ration


   Skills:
 + Level 1.4 Fighting
 + Level 2.3 Dodging
 + Level 1.8 Stealth
 + Level 3.8 Unarmed Combat
 + Level 2.2 Spellcasting
 + Level 2.3 Transmutations


You had one spell level left.
You knew the following spells:

 Your Spells              Type           Power        Failure   Level  Hunger
a - Beastly Appendage     Tmut           #.....       9%          1    #......
b - Sticks to Snakes      Tmut           #.......     13%         2    ###....
c - Spider Form           Tmut/Pois      #.........   38%         3    ###....


Dungeon Overview and Level Annotations

Branches:
Dungeon (3/15)

Altars:
Trog


Innate Abilities, Weirdness & Mutations

You cannot wear most types of armour.
You are very stealthy in the water. (Stealth+)
You are amphibious.
You can wear up to eight rings at the same time.
You can use your tentacles to constrict eight enemies at once.
Your skin changes colour to match your surroundings (Stealth+).
Your rubbery body absorbs attacks. (AC +1, EV +1)


Message History

You feel sick.
The kobold shoots a poisoned needle.
The poisoned needle hits you!
You are more poisoned.
You see here a poisoned needle.
* * * LOW HITPOINT WARNING * * *
You feel sick.
The kobold shoots a poisoned needle.
The poisoned needle barely misses you.
* * * LOW HITPOINT WARNING * * *
You feel sick.
The kobold unwields an uncursed blowgun.
The kobold misses you.
You barely miss the kobold. You grab the kobold.
You constrict the kobold, but do no damage.
* * * LOW HITPOINT WARNING * * *
You feel sick.
You tentacle-slap the kobold but do no damage.
Your squeeze misses the kobold. You constrict the kobold.
* * * LOW HITPOINT WARNING * * *
You feel sick. The kobold hits you.
You die...

#........#.)#.#....# #.#
#..#.....#..#.#....# #.#
#..#.....#. #.#....# #.#
...#.....#. #.#....# #.#
####.....# # #....# #.#
.........# #.#....# #.#
#####..<.# #......# #.#
.........#.$####..†#######.#
.#####...#.....K@.((.(.....#
..)..##..#..##.....#########
#.......#............
.#.#.#.#.##.#...........
.#.#.#.#.##.#............
.....#.#.##.#...#........
.....#)#..#.#$..#......##
.....#.#..#.#...#......#
.......#..#.#


You could see a kobold.

Vanquished Creatures
  An adder (D:2)
  A shadow imp (D:3)
  2 worms
  A leopard gecko (D:3)
  4 hobgoblins
  6 kobolds
  A quokka (D:2)
  6 bats
  2 frilled lizards (D:2)
  5 goblins
  9 rats
38 creatures vanquished.

Notes
Turn   | Place    | Note
-------+----------+-------------------------------------------
     0 | D:1      | Atlas the Octopode Transmuter began the quest for the Orb.
     0 | D:1      | Reached XP level 1. HP: 13/13 MP: 3/3
   173 | D:1      | Reached XP level 2. HP: 13/18 MP: 3/5
   883 | D:2      | Found a bloodstained altar of Trog.
   941 | D:2      | Reached XP level 3. HP: 22/23 MP: 4/6
   948 | D:2      | Learned a level 2 spell: Sticks to Snakes
   952 | D:2      | Learned a level 3 spell: Spider Form
  1082 | D:2      | Reached skill level 1 in Stealth
  1872 | D:3      | Reached XP level 4. HP: 11/28 MP: 5/7
  1877 | D:3      | Slain by a kobold

Vault maps used:
D:1:      eino_arrival_druids_welcome
D:2:      nicolae_overflow_hidden_temple
D:3:      nicolae_qazlal_general_emergency

Skill      XL: |  1  2  3 |
---------------+----------+-----
Stealth        | 1 |  1.8
Fighting       | |  1.4
Dodging        | |  2.3
Unarmed Combat | |  3.8
Spellcasting   | |  2.2
Transmutations | |  2.3

Action                   |  1- 3 |  4- 6 || total
-------------------------+-------+-------++-------
Melee: Unarmed           |    91 |     2 ||    93
       Constrict         |    18 |     1 ||    19
       Tentacles         |    10 |       ||    10
       Kick              |     8 |       ||     8
       Punch             |     2 |       ||     2
 Cast: Beastly Appendage |    18 |       ||    18
 Stab: Sleeping          |     6 |       ||     6
  Eat: Chunk             |     3 |       ||     3
Armor: Skin              |    12 |       ||    12
Dodge: Dodged            |    62 |     2 ||    64

Table legend:
 A = Spawn XP
 B = Non-spawn XP
 C = Spawn XP percentage of total XP
 D = Spawn monster count
 E = Non-spawn monster count
 F = Spawn count percentage of total count
 G = Total turns spent on level
                    A         B        C        D         E        F      G
               +---------+---------+-------+---------+---------+-------+---------
         Total |       0 |      86 |   0.0 |       0 |      38 |   0.0 |  1877
               +---------+---------+-------+---------+---------+-------+---------
           D:1 |       0 |      21 |   0.0 |       0 |      14 |   0.0 |   696
           D:2 |       0 |      39 |   0.0 |       0 |      17 |   0.0 |  1015
           D:3 |       0 |      26 |   0.0 |       0 |       7 |   0.0 |   166
               +---------+---------+-------+---------+---------+-------+---------
